 Dungeon Crawl Stone Soup version 0.31-a0-1278-g11c5b68f87 (webtiles) character file.

Game seed: 9081672747214968078

261 grandjackal the Ducker (level 5, -4/42 HPs)
             Began as a Demonspawn Gladiator on Dec 17, 2023.
             Slain by a gnoll
             ... wielding a +0 halberd
             ... led by a gnoll bouda
              (8 damage)
             ... on level 4 of the Dungeon.
             The game lasted 00:02:42 (2444 turns).

grandjackal the Ducker (Demonspawn Gladiator)       Turns: 2444, Time: 00:02:42

Health: -4/42      AC: 10    Str: 15    XL:     5   Next: 96%
Magic:  5/5        EV: 13    Int: 12    God:
Gold:   221        SH:  4    Dex: 20    Spells: 4/4 levels left

rFire   . . .        a - +0 long sword
rCold   . . .        (no shield)
rNeg    . . .        f - +0 ring mail
rPois   .            c - +0 helmet
rElec   .            (no cloak)
rCorr   .            (no gloves)
SInv    .            (no boots)
Will    .....        (no amulet)
Stlth   +            g - +4 ring of protection
HPRegen 0.27/turn    h - +6 ring of dexterity
MPRegen 0.09/turn

%: no passive effects
@: no status effects
A: big brain 1, condensation shield
a: no special abilities


You were on level 4 of the Dungeon.
You visited 1 branch of the dungeon, and saw 4 of its levels.

You collected 221 gold pieces.

Inventory:

Hand Weapons
 a - a +0 long sword (weapon)
Missiles
 d - 3 throwing nets
 e - a javelin
Armour
 c - a +0 helmet (worn)
 f - a +0 ring mail (worn)
Jewellery
 g - a +4 ring of protection (left hand)
 h - a +6 ring of dexterity (right hand)
Wands
 o - a wand of polymorph (11)
Scrolls
 i - a scroll of noise {unknown}
 j - 4 scrolls of identify {unknown}
 l - a scroll of enchant armour {unknown}
 n - a scroll of immolation {unknown}
 p - a scroll of amnesia {unknown}
 q - 2 scrolls of brand weapon {unknown}
Potions
 b - a potion of brilliance {unknown}


   Skills:
 + Level 3.9 Fighting
 + Level 4.0 Long Blades
 - Level 2.2 Throwing
 + Level 4.0 Dodging


You had 4 spell levels left.
You didn't know any spells.
Your spell library contained the following spells:

 Spells                   Type           Power      Damage    Failure   Level
 Kiss of Death            Conj/Necr      0%         2d5       54%         1
 Searing Ray              Conj           0%         2d4       69%         2
 Ignite Poison            Fire/Tmut/Pois 0%         N/A       89%         3
 Sticky Flame             Conj/Fire      0%         2d3       100%        4
 Freezing Cloud           Conj/Ice/Air   0%         6-21      100%        5
 Ignition                 Fire           0%         3d3       100%        8


Dungeon Overview and Level Annotations

Branches:
Dungeon (3/15)

Altars:
Dithmenos


Innate Abilities, Weirdness & Mutations

You have an unusually large brain. (Int +2)
A meltable shield of frost defends you. (SH +4)


Message History

The orc wizard casts a spell.
The orc wizard flickers and vanishes!
Deactivating autopickup; reactivate with Ctrl-A.
Throw: 2 darts (poison)
Press: ? - help, Q - select action, (/) - cycle Shift-Dir - straight line, f/p - gnoll
Aim: a gnoll, wielding a +0 halberd (very poisoned, 65% to hit)
You throw a poisoned dart. The poisoned dart hits the gnoll.
The gnoll looks even sicker.
Unknown command.
Throw: dart (poison)
Press: ? - help, Q - select action, (/) - cycle Shift-Dir - straight line, f/p - gnoll
Aim: a gnoll, wielding a +0 halberd (lightly wounded, very poisoned, 65% to hit)
You throw a poisoned dart. The poisoned dart hits the gnoll!
The gnoll is poisoned.
An orc priest comes into view. It is wielding a +0 mace.
The orc priest shouts!
The gnoll barely misses you. You block the gnoll's attack.
The gnoll barely misses you. x2
The orc priest calls down the wrath of Beogh upon you.
Beogh smites you! The gnoll hits you with a +0 halberd!
You hear a shout!
You hit the gnoll.
The gnoll is moderately wounded.
The gnoll hits you but does no damage. x2
An orc comes into view. It is wielding a +0 mace of draining.
The orc priest mumbles some strange prayers to Beogh against you.
Beogh smites you!
* * * LOW HITPOINT WARNING * * *
The gnoll hits you but does no damage. The gnoll barely misses you.
The gnoll hits you from afar with a +0 spear.
* * * LOW HITPOINT WARNING * * *
You hit the gnoll but do no damage.
The gnoll is heavily wounded.
You block the gnoll's attack.
The gnoll hits you from afar with a +0 spear.
* * * LOW HITPOINT WARNING * * *
The gnoll completely misses you.
Unknown command.
The gnoll hits you from afar with a +0 halberd!
You die...

#..## ##..## ##..#
#..## #### ##..####
##..# ###.....#####
###...# ##....##.....#
#.....###...########..
#....@#...### ###
##.g.g..### # ######
###g(.### #
#####....###{o.### #
....(.....(o.###
..........(###
.........###
?......g## .......##


You could see an orc priest, 3 gnolls and an orc.

Vanquished Creatures
  Sigmund (D:3)
  An iguana (D:2)
  2 adders
  3 worms (D:2)
  2 dart slugs (D:2)
  An orc (D:2)
  5 bats
  2 endoplasms
  3 giant cockroaches
  5 goblins
  4 hobgoblins
  5 kobolds
  3 quokkas (D:1)
  5 ball pythons
  7 rats
49 creatures vanquished.

Notes
Turn   | Place    | Note
-------+----------+-------------------------------------------
     0 | D:1      | grandjackal the Demonspawn Gladiator began the quest for
                  | the Orb.
     0 | D:1      | Reached XP level 1. HP: 16/16 MP: 1/1
   209 | D:1      | Gained mutation: You have an unusually large brain. (Int
                  | +2) [demonic ancestry]
   209 | D:1      | Reached XP level 2. HP: 22/22 MP: 2/2
  1172 | D:2      | Gained mutation: A meltable shield of frost defends you.
                  | (SH +4) [demonic ancestry]
  1172 | D:2      | Reached XP level 3. HP: 21/28 MP: 3/3
  1364 | D:2      | Reached XP level 4. HP: 32/34 MP: 4/4
  1907 | D:3      | Found a shadowy altar of Dithmenos.
  1968 | D:3      | Noticed Sigmund
  1990 | D:3      | Killed Sigmund
  1991 | D:3      | Reached XP level 5. HP: 18/42 MP: 5/5
  2348 | D:3      | You fall into a shaft and drop 1 floor!
  2369 | D:4      | Got the Omnibus of Ruinous Incineration
  2444 | D:4      | Slain by a gnoll

Illustrated notes

Levels and vault maps discovered:
D:1:      dpeg_arrival_round_c, layout_loops_ring, chequers_big_river
D:2:      layout_basic, minmay_box_of_dots
D:3:      layout_rooms, regret_index_xom_buried_treasure,
          nicolae_dithmenos_through_a_glass_darkly, serial_co_window_serial,
          co_window_paths_b, co_window_of_opportunity_a, co_window_paths_a,
          co_window_paths_b, co_window_corner_a, co_window_broadway_b,
          co_window_of_opportunity_b, co_window_2corner, co_window_2corner,
          co_window_sun, co_window_4corner_b, glass_columns_c, glass_columns_b,
          glass_columns_a, minmay_misc_feat_chi, uniq_sigmund
D:4:      layout_cave_pods, lemuel_doored_altar, uniq_ijyb

Skill      XL: |  1  2  3  4 |
---------------+-------------+-----
Throwing       | 2 |  2.2
Long Blades    | 3 4 |  4.0
Dodging        | 3 4 |  4.0
Fighting       | 3 |  3.9

Action                     |  1- 3 |  4- 6 || total
---------------------------+-------+-------++-------
  Melee: Long sword        |   125 |    66 ||   191
         Punch             |     2 |     1 ||     3
  Throw: Dart              |     6 |     5 ||    11
    Use: Potion            |       |     2 ||     2
 Armour: Ring mail         |    75 |    53 ||   128
         Leather armour    |     5 |       ||     5
  Dodge: Dodged            |    85 |    39 ||   124
  Block: Other             |     2 |     5 ||     7

Table legend: (Time is in decaauts)
 A = Elapsed time spent in this place.
 B = Non-inter-level travel time spent in this place.
 C = Inter-level travel time spent in this place.
 D = Time resting spent in this place.
 E = Time spent auto-exploring this place.
 F = Levels seen in this place.
 G = Mean time per level.
                   A        B        C        D        E       F      G
               +--------+--------+--------+--------+--------+-----+--------+
         Total |   2489 |   2454 |     35 |    144 |   1780 |   4 |  622.2 |
       Dungeon |   2489 |   2454 |     35 |    144 |   1780 |   4 |  622.2 |
               +--------+--------+--------+--------+--------+-----+--------+

Top non-repeatable levels by time:
     D:1: 990 daAuts
     D:2: 878 daAuts
     D:3: 524 daAuts
     D:4: 95 daAuts
